 Dungeon Crawl Stone Soup version 0.25-a0-413-g3b4b6a4ccc (webtiles) character file.

Game seed: 1808867501290979, levelgen mode: deterministic

85393 Dragon00 the Warrior (level 15, -13/150 HPs)
             Began as a Minotaur Berserker on Jan 16, 2020.
             Was an Elder of Trog.
             Killed from afar by Nikola (24 damage)
             ... with a chain lightning
             ... on level 2 of the Lair of Beasts.
             The game lasted 02:22:27 (24729 turns).

Dragon00 the Warrior (Minotaur Berserker)          Turns: 24729, Time: 02:22:29

Health: -13/150    AC: 34    Str: 23    XL:     15   Next: 37%
Magic:  14/14      EV: 14    Int:  4    God:    Trog [****..]
Gold:   1098       SH: 21    Dex: 18    Spells: 14/14 levels left

rFire    + . .     SeeInvis .   a - +3 broad axe (flame)
rCold    + + .     Gourm    .   D - +0 large shield
rNeg     . . .     Faith    .   B - +8 plate armour of the Imp {rC++}
rPois    +         Spirit   .   F - +0 hat
rElec    .         Reflect  +   l - +1 cloak {rPois}
rCorr    .         Harm     .   M - +2 pair of gloves {Dex+3}
MR       +....                  x - +2 pair of boots
Stlth    ..........             Z - +2 amulet of reflection
HPRegen  0.35/turn              X - ring of protection from fire
MPRegen  0.14/turn              L - +2 ring of evasion

@: no status effects
A: retaliatory headbutt, horns 2
a: Berserk, Trog's Hand, Brothers in Arms, Renounce Religion


You were on level 2 of the Lair of Beasts.
You worshipped Trog.
Trog was greatly pleased with you.
You were not hungry.

You visited 5 branches of the dungeon, and saw 23 of its levels.
You also visited: Ice Cave and Volcano.

You collected 2323 gold pieces.
You spent 1225 gold pieces at shops.

Inventory:

Hand Weapons
 a - a +3 broad axe of flaming (weapon)
 b - a +2 antimagic broad axe
Missiles
 h - 40 poisoned darts
 S - 6 javelins (quivered)
Armour
 l - a +1 cloak of poison resistance (worn)
 x - a +2 pair of boots (worn)
 B - the +8 plate armour of the Imp (worn) {rC++}
   (You bought it in a shop on level 2 of the Orcish Mines)

   It greatly protects you from cold.
 D - a +0 large shield (worn)
 F - a +0 hat (worn)
 M - a +2 pair of gloves of dexterity (worn)
Jewellery
 G - an uncursed amulet of regeneration
 L - a +2 ring of evasion (right hand)
 P - an uncursed ring of ice
 Q - an uncursed ring of protection from magic
 X - a ring of protection from fire (left hand)
 Z - a +2 amulet of reflection (around neck)
Wands
 p - a wand of disintegration (26)
 u - a wand of scattershot (11)
 A - a wand of flame (27)
 E - a wand of acid (23)
 I - a wand of iceblast (37)
 N - a wand of paralysis (23)
 R - a wand of polymorph (10)
 U - a wand of clouds (9)
Scrolls
 e - a scroll of identify
 k - 12 scrolls of remove curse
 m - 4 scrolls of immolation
 q - 7 scrolls of teleportation
 r - 4 scrolls of magic mapping
 s - 3 scrolls of blinking
 w - a scroll of holy word
 y - a scroll of summoning
 O - 2 scrolls of fog
 Y - a scroll of fear
Potions
 d - a potion of lignification
 f - a potion of cancellation
 g - 3 potions of might
 i - 7 potions of heal wounds
 n - a potion of invisibility
 o - 9 potions of curing
 t - 2 potions of agility
 v - 3 potions of haste
 z - 4 potions of ambrosia
 C - 4 potions of flight
 J - a potion of resistance
 T - a potion of brilliance
Comestibles
 c - 22 rations


   Skills:
 * Level 18.5 Fighting
 + Level 13.9 Axes
 + Level 13.6 Armour
 + Level 12.6 Dodging
 + Level 12.5 Shields


You had 14 spell levels left.
You didn't know any spells.
Your spell library was empty.

Dungeon Overview and Level Annotations

Branches:
Dungeon (13/15)            Temple (1/1) D:4            Lair (6/6) D:10
 Shoals (0/4) Lair:4       Spider (1/4) Lair:2        Slime (0/5) Lair:6
    Orc (2/2) D:9             Elf (0/3) Orc:2        Vaults (0/5) D:13
  IceCv (visited)         Volcano (visited)

Altars:
Ashenzari
Cheibriados
Dithmenos
Elyvilon
Fedhas
Gozag
Hepliaklqana
Kikubaaqudgha
Makhleb
Nemelex Xobeh
Okawaru
Qazlal
Ru
Sif Muna
Trog
Uskayaw
Vehumet
Wu Jian
Xom
Yredelemnul
Zin
The Shining One

Shops:
D:7 (   D:12 *   Orc:2 }[![

Annotations:
D:5 1 runed translucent door
Lair:2 Nikola


Innate Abilities, Weirdness & Mutations

You reflexively headbutt those who attack you in melee.
You have a pair of horns on your head.


Message History

Nikola hits you but does no damage.
The jumping spider leaps!
You climb upwards.
Welcome back to the Lair of Beasts!
There is a hole to the Spider Nest here.
Your two-headed ogre goes berserk!
You feel quite a bit more hungry. You block Nikola's attack.
You are too injured to fight recklessly!
You slice Nikola!! You burn Nikola. You headbutt Nikola!
Nikola is moderately wounded.
Your two-headed ogre hits Nikola with a +0 giant club!!
Your two-headed ogre closely misses Nikola.
Nikola casts a spell.
You hear a mighty clap of thunder!
The lightning arc hits your two-headed ogre!!
The lightning arc hits you!!
* * * LOW HITPOINT WARNING * * *
The lightning arc hits Nikola.
The lightning arc hits you!
* * * LOW HITPOINT WARNING * * *
The lightning arc hits your two-headed ogre!!
The lightning arc hits you!!
You die...

......>....................▓.....
...........................▓.....
...........☘☘..▓.▓▓▓▓▓.....▓.....
...........▓▓▓..▓▓▓ ▓......▓▓▓.▓▓
.▓.▓.▓....▓▓ ▓....▓▓▓▓...........
.▓.........▓ ▓▓...≈▓.▓...........
........▓..▓ ▓≈≈≈▓▓▓............
........▓.▓▓ ▓▓.O@▓▓▓▓...........
........▓.▓ ▓▓..@..▓▓▓▓..........
.▓........▓▓▓.▓...▓^▓▓▓.....▓....
.☘.<....▓.▓▓^▓▓▓^▓▓▓^▓▓....▓▓.▓.▓
..........▓▓▓▓▓.▓▓▓.▓▓▓...▓▓▓▓▓▓▓
....☘☘▓▓..▓▓.▓^▓.▓▓▓.▓▓...▓ ▓
..........▓.▓.▓^▓.▓^▓▓▓...▓ ▓▓▓▓▓
..........▓▓^▓▓▓^▓▓▓.▓▓...▓▓▓..▓☘
..........▓.▓.▓...▓^▓▓▓..........
..........▓▓^▓..:..▓▓ ▓..........


You could see Nikola and a friendly two-headed ogre (berserk).

Vanquished Creatures
  An orc warlord (Orc:2)
  6 dire elephants (Lair:6)
  A rakshasa (D:13)
  5 hydras
  Erolcha (D:9)
  An anaconda (Lair:6)
  2 catoblepae
  3 vault guards (D:13)
  2 ogre magi (Orc:2)
  A centaur warrior (D:13)
  14 two-headed ogres
  12 death yaks
  Sonja (Lair:5)
  Nergalle (Lair:4)
  A hell knight (Volcano)
  An unseen horror (D:9)
  2 deep trolls (Orc:2)
  2 necromancers
  Pikel (D:4)
  2 oklob plants (Lair:4)
  2 ugly things
  2 wolf spiders (Lair:2)
  2 manticores
  3 cyclopes
  An ice statue (IceCv)
  4 elephants (Lair:6)
  A torpor snail (Lair:6)
  2 molten gargoyles (Volcano)
  A smoke demon (Volcano)
  2 black mambas
  The ghost of anet the Poker, a novice MfWr of Ashenzari (D:5)
  11 spiny frogs
  4 rime drakes
  5 komodo dragons
  10 freezing wraiths (IceCv)
  A merfolk (Lair:4)
  12 trolls
  2 red devils (Volcano)
  2 jumping spiders (Lair:2)
  A wolf spider simulacrum (IceCv)
  2 hornets
  Prince Ribbit (Lair:2)
  5 slime creatures (D:13)
  11 blink frogs
  6 dream sheep (Lair:4)
  6 hippogriffs
  4 redbacks (Lair:2)
  4 shadows
  24 yaks
  2 fire bats (Volcano)
  A wyvern (Lair:6)
  3 basilisks (D:12)
  A steam dragon (D:12)
  A hungry ghost (D:13)
  5 wargs
  Menkaure (D:4)
  A death yak simulacrum (IceCv)
  12 water moccasins
  10 porcupines
  A hell hound (Volcano)
  7 ice beasts
  17 orc warriors
  2 sky beasts
  4 slaves (D:4)
  A black bear (D:9)
  25 ogres
  A phantom (D:12)
  11 wolves
  3 centaurs
  10 crocodiles
  4 big kobolds
  15 bullfrogs
  An earth elemental (D:12)
  2 scorpions
  11 killer bees
  2 vampire bats (Lair:4)
  2 howler monkeys (D:10)
  An electric eel (Lair:6)
  4 lava snakes (Volcano)
  3 crimson imps
  7 draconian simulacra (IceCv)
  3 centaur zombies
  2 bullfrog zombies
  12 orc priests
  6 hounds
  4 jellies
  20 orc wizards
  A bullfrog skeleton (D:4)
  Jessica (D:3)
  4 iguanas
  8 worker ants
  A hell rat (D:10)
  6 polar bear simulacra
  2 yak simulacra (Lair:5)
  5 troll simulacra (IceCv)
  3 wolf simulacra
  2 centaur simulacra (IceCv)
  Robin (D:4)
  7 adders
  4 gnolls (D:3)
  3 naga simulacra (IceCv)
  3 ogre simulacra (IceCv)
  A river rat (D:5)
  12 white imps (IceCv)
  2 oozes (Lair:6)
  3 worms
  2 dart slugs
  7 leopard geckos
  86 orcs
  16 bats
  6 giant cockroaches
  9 goblins
  9 hobgoblins
  13 jackals
  26 kobolds
  10 quokkas
  A ball python (D:1)
  10 frilled lizards
  A jackal skeleton (D:8)
  A jackal zombie (D:5)
  7 rats
  2 river rat simulacra (Lair:5)
  6 fungi
  6 plants
697 creatures vanquished.

Vanquished Creatures (collateral kills)
  An orc knight (D:9)
1 creature vanquished.

Vanquished Creatures (others)
  A cyclops (Orc:2)
  2 redbacks (Spider:1)
  3 centaurs
  An orc (D:12)
  10 fungi
  5 plants
22 creatures vanquished.

Grand Total: 720 creatures vanquished

Notes
Turn   | Place    | Note
-------+----------+-------------------------------------------
     0 | D:1      | Dragon00 the Minotaur Berserker began the quest for the
                  | Orb.
     0 | D:1      | Reached XP level 1. HP: 19/19 MP: 0/0
   302 | D:1      | Reached XP level 2. HP: 25/27 MP: 1/1
   552 | D:1      | Reached skill level 4 in Fighting
   789 | D:1      | Reached ** piety under Trog
   899 | D:1      | Reached XP level 3. HP: 33/33 MP: 2/2
  1255 | D:2      | Found a sacrificial altar of Ru.
  1837 | D:2      | Reached XP level 4. HP: 41/41 MP: 3/3
  2112 | D:3      | Noticed an ogre
  2117 | D:3      | Killed an ogre
  2117 | D:3      | Reached skill level 5 in Fighting
  2117 | D:3      | Reached XP level 5. HP: 48/48 MP: 4/4
  2164 | D:3      | Found an iron altar of Okawaru.
  2246 | D:3      | Noticed Jessica
  2251 | D:3      | Killed Jessica
  2536 | D:3      | Found a glowing silver altar of Zin.
  2805 | D:4      | Reached skill level 5 in Axes
  2805 | D:4      | Reached XP level 6. HP: 54/57 MP: 5/5
  2890 | D:4      | Found a staircase to the Ecumenical Temple.
  2893 | D:4      | Reached *** piety under Trog
  3034 | D:4      | Reached skill level 6 in Fighting
  3070 | D:4      | Noticed Menkaure
  3085 | D:4      | Killed Menkaure
  3147 | D:4      | Found a burning altar of Makhleb.
  3213 | D:4      | Found a stormy altar of Qazlal.
  3463 | D:4      | Reached XP level 7. HP: 64/64 MP: 6/6
  3485 | D:4      | Found a glowing golden altar of the Shining One.
  3493 | D:4      | Noticed Robin
  3499 | D:4      | Killed Robin
  3555 | D:4      | Noticed Pikel
  3603 | D:4      | Reached skill level 7 in Fighting
  3662 | D:4      | Killed Pikel
  3662 | D:4      | Reached skill level 8 in Fighting
  3662 | D:4      | Reached skill level 5 in Armour
  3662 | D:4      | Reached skill level 5 in Dodging
  3662 | D:4      | Reached XP level 8. HP: 13/74 MP: 7/7
  4114 | D:5      | Entered Level 5 of the Dungeon
  4315 | D:5      | Found a runed translucent door.
  4316 | D:5      | Noticed anet's ghost (novice MfWr)
  4325 | D:5      | Killed anet's ghost
  4337 | D:5      | Found a runed translucent door.
  4452 | D:5      | Found a shimmering altar of Xom.
  4518 | D:5      | Found a shimmering altar of Xom.
  4518 | D:5      | Found a shimmering altar of Xom.
  4519 | D:5      | Found a shimmering altar of Xom.
  4519 | D:5      | Found a shimmering altar of Xom.
  4536 | D:5      | Found a shimmering altar of Xom.
  4537 | D:5      | Found a shimmering altar of Xom.
  4760 | Temple   | Entered the Ecumenical Temple
  5119 | D:6      | Found a sparkling altar of Nemelex Xobeh.
  5225 | D:6      | Reached skill level 9 in Fighting
  5225 | D:6      | Reached skill level 1 in Shields
  6146 | D:7      | Reached **** piety under Trog
  6266 | D:7      | Found Cuijusuq's Antique Weapon Shoppe.
  6393 | D:7      | Found a hazy altar of Hepliaklqana.
  6454 | D:7      | Reached XP level 9. HP: 84/84 MP: 8/8
  6500 | D:7      | Noticed a two-headed ogre
  6507 | D:7      | Killed a two-headed ogre
  6507 | D:7      | Reached skill level 10 in Fighting
  6640 | D:7      | Found a shadowy altar of Dithmenos.
  6721 | D:8      | Noticed a troll
  6728 | D:8      | Killed a troll
  7178 | D:8      | Identified a scroll of acquirement
  7179 | D:8      | Identified the amulet "Inyargh" {Harm *Drain +Inv MR+} (You
                  | acquired it on level 8 of the Dungeon)
  7574 | D:9      | Noticed Erolcha
  7576 | D:9      | Noticed a two-headed ogre
  7585 | D:9      | Killed Erolcha
  7585 | D:9      | Reached skill level 11 in Fighting
  7585 | D:9      | Reached XP level 10. HP: 62/95 MP: 9/9
  7590 | D:9      | Killed a two-headed ogre
  7590 | D:9      | Reached skill level 5 in Shields
  7761 | D:9      | Found a staircase to the Orcish Mines.
  7913 | D:9      | Found a hide-covered altar of Uskayaw.
  8002 | D:9      | Found a radiant altar of Vehumet.
  8171 | D:10     | Entered Level 10 of the Dungeon
  8257 | D:10     | Noticed a two-headed ogre
  8266 | D:10     | Killed a two-headed ogre
  8293 | D:10     | Noticed a two-headed ogre
  8302 | D:10     | Killed a two-headed ogre
  8302 | D:10     | Reached skill level 12 in Fighting
  8472 | D:9      | HP: 4/97 [something (3)]
  8482 | D:9      | HP: 3/97 [something (4)]
  8486 | D:9      | Killed an unseen horror
  8858 | D:10     | Paralysed by a hornet for 2 turns
  8862 | D:9      | Paralysed by a hornet for 2 turns
  8873 | D:9      | Paralysed by a hornet for 2 turns
  9096 | D:10     | Reached XP level 11. HP: 105/105 MP: 10/10
  9157 | D:10     | Noticed a death yak
  9161 | D:10     | Noticed a death yak
  9162 | D:10     | Noticed a death yak
  9252 | D:9      | Killed a death yak
  9304 | D:9      | Killed a death yak
  9401 | D:10     | Killed a death yak
  9480 | D:10     | Reached ***** piety under Trog
  9480 | D:10     | Received a gift from Trog
  9487 | D:10     | Found a staircase to the Lair.
  9695 | D:10     | Found a snail-covered altar of Cheibriados.
 10007 | D:11     | Reached skill level 13 in Fighting
 10007 | D:11     | Reached skill level 10 in Axes
 10387 | D:11     | Noticed a two-headed ogre
 10391 | D:11     | Killed a two-headed ogre
 10682 | D:11     | Noticed a green ugly thing
 10692 | D:11     | Killed a green ugly thing
 10907 | D:12     | Found Xaecredim's Pet Rocks.
 11088 | D:12     | Noticed a two-headed ogre
 11096 | D:12     | Killed a two-headed ogre
 11249 | D:12     | Reached skill level 10 in Armour
 11273 | D:12     | Received a gift from Trog
 11755 | D:13     | Found a gate to the Vaults.
 11755 | D:13     | Noticed a vault guard
 11755 | D:13     | Noticed a vault guard
 11755 | D:13     | Noticed a vault guard
 11755 | D:13     | Noticed a vault guard
 11755 | D:13     | Noticed a catoblepas
 11785 | D:12     | Reached XP level 12. HP: 96/116 MP: 11/11
 11828 | D:13     | Found a frozen archway.
 11840 | IceCv    | Entered an ice cave
 11848 | IceCv    | Reached skill level 14 in Fighting
 12459 | IceCv    | Found an ancient bone altar of Kikubaaqudgha.
 12902 | IceCv    | Received a gift from Trog
 13353 | D:13     | Reached skill level 10 in Dodging
 13405 | D:13     | Noticed a centaur warrior
 13418 | D:13     | Killed a centaur warrior
 13473 | D:13     | Killed a vault guard
 13473 | D:13     | Reached skill level 15 in Fighting
 13488 | D:13     | Noticed a rakshasa
 13507 | D:13     | Killed a rakshasa
 13912 | D:13     | Killed a vault guard
 13912 | D:13     | Reached XP level 13. HP: 99/127 MP: 12/12
 14526 | Orc:1    | Entered Level 1 of the Orcish Mines
 15421 | Orc:2    | Entered Level 2 of the Orcish Mines
 15450 | Orc:2    | Received a gift from Trog
 15514 | Orc:2    | Reached skill level 10 in Shields
 15520 | Orc:2    | Noticed an orc warlord
 15543 | Orc:2    | Killed an orc warlord
 15773 | Orc:2    | Reached skill level 16 in Fighting
 15841 | Orc:2    | Received a gift from Trog
 16190 | Orc:2    | Found a staircase to the Elven Halls.
 16215 | Orc:2    | Found Pauror's Armour Shop.
 16217 | Orc:2    | Found Metzetsi's Antique Armour Shoppe.
 16232 | Orc:2    | Found Plog's Gadget Boutique.
 16237 | Orc:2    | Found Evioxi Jicu's Distillery.
 16650 | Lair:1   | Entered Level 1 of the Lair of Beasts
 16791 | Lair:1   | Reached XP level 14. HP: 134/138 MP: 13/13
 16916 | Lair:1   | You fall into a shaft and drop 1 floor!
 17224 | Lair:1   | You fall into a shaft and drop 1 floor!
 17499 | Lair:2   | Noticed Prince Ribbit
 17506 | Lair:2   | Killed Prince Ribbit
 17615 | Lair:2   | Reached skill level 17 in Fighting
 17751 | Lair:2   | Found a hole to the Spider Nest.
 18099 | Lair:3   | Received a gift from Trog
 18137 | Lair:3   | You fall into a shaft and drop 1 floor!
 18137 | Lair:4   | Noticed Nergalle
 18554 | Lair:3   | Identified Sif Muna's Collected Works on Talismans
 18749 | Lair:4   | Killed Nergalle
 19046 | Lair:4   | Found a staircase to the Shoals.
 19972 | Lair:5   | Noticed Sonja
 19980 | Lair:5   | Killed Sonja
 20122 | Lair:5   | Received a gift from Trog
 21206 | Lair:6   | Entered Level 6 of the Lair of Beasts
 21263 | Lair:6   | Found a dark tunnel.
 21278 | Volcano  | Entered a volcano
 21595 | Volcano  | Found a burning altar of Makhleb.
 21605 | Volcano  | Reached skill level 18 in Fighting
 21834 | Volcano  | Reached XP level 15. HP: 123/149 MP: 14/14
 22166 | Lair:6   | Found a staircase to the Slime Pits.
 23373 | Lair:6   | Received a gift from Trog
 23782 | Lair:6   | Found the +2 Maxwell's thermic engine {flame, freeze}
 24141 | Orc:2    | Bought the +8 plate armour of the Imp {rC++} for 1225 gold
                  | pieces
 24353 | Spider:1 | Entered Level 1 of the Spider Nest
 24353 | Spider:1 | Noticed Nikola
 24729 | Lair:2   | Killed from afar by Nikola

Levels and vault maps discovered:
D:1:      minmay_arrival_five_plusses, layout_basic
D:2:      layout_basic, nicolae_ru_sacrificial_ziggurat
D:3:      layout_loops_ring, lemuel_round_altar, nicolae_overflow_crystal_walls,
          first_ration, uniq_jessica
D:4:      layout_basic, lemuel_crystal_altar, kennysheep_little_box,
          old_standard_altar, temple_green, minmay_joined_circles,
          uniq_menkaure, uniq_pikel, uniq_robin
D:5:      layout_rooms, xom_redecorated, ebering_ghost_sewer_f
D:6:      layout_layer_cave, lemuel_doored_altar, glass_columns_a
D:7:      layout_cave_pools, lemuel_round_altar, kennysheep_mini_moat,
          serial_shops, shop_statue
D:8:      layout_loops_cross
D:9:      layout_rooms, nicolae_overflow_hidden_temple, vehumet_crystals,
          orc_0_dummy, uniq_erolcha
D:10:     layout_stronghold, dpeg_lair_monsters, chequers_serial_rivers_micro_c,
          cheibriados_altar_1
D:11:     layout_long_grid, grunt_ogre_cave
D:12:     layout_loops_cross, guppyfry_shop_earth
D:13:     layout_gridville, lightli_vaults_fourway_checkpoint,
          portal_ice_cave_rime, kennysheep_small_square
Temple:   eino_wide_crystal_templ
Lair:1:   layout_regular_city
Lair:2:   layout_chaotic_city, nicolae_spider_entry_tight_spaces,
          grunt_megastairs_2, uniq_prince_ribbit2
Lair:3:   layout_misc_corridors, kennysheep_catoblepas_arena
Lair:4:   layout_loops_ring, elwin_shoals_entry_rooms, roderic_batcave,
          ldierk_geyser, minmay_lair_oklob_chamber, uniq_nergalle
Lair:5:   layout_cave_shapes, eino_house_with_fridge, lemuel_fruit_fields,
          uniq_sonja
Lair:6:   due_jungle_book, layout_loops_ring, nicolae_slime_entry_slimehenge,
          enter_volcano_2, nicolae_lair_grove_arrangements,
          serial_bayou_lagoon_b, infiniplex_staircase_pool_2
Spider:1: layout_spider_delve, uniq_nikola, uniq_asterion
Orc:1:    layout_diamond_mine
Orc:2:    st_orc_open, layout_caves, nicolae_orc_damp_corner

Skill      XL: |  1  2  3  4  5  6  7  8  9 10 11 12 13 14 |
---------------+-------------------------------------------+-----
Fighting       | 4 5 6 8 9 11 12 13 15 16 18 | 18.5
Axes           | 4 5 6 7 8 9 10 11 12 13 | 13.9
Armour         | 3 4 5 6 7 8 10 11 12 13 | 13.6
Dodging        | 3 4 5 6 7 8 9 10 11 12 | 12.6
Shields        | 2 4 6 8 9 10 12 | 12.5

Action                   |  1- 3 |  4- 6 |  7- 9 | 10-12 | 13-15 || total
-------------------------+-------+-------+-------+-------+-------++-------
Melee: Hand axe          |    67 |    82 |    56 |       |       ||   205
       Headbutt          |     9 |    13 |    45 |   133 |   240 ||   440
       War axe           |       |       |   162 |   233 |       ||   395
       Broad axe         |       |       |       |   235 |   865 ||  1100
 Fire: Hunting sling     |       |       |    45 |    26 |     6 ||    77
Throw: Stone             |     6 |     8 |       |     2 |     3 ||    19
       Javelin           |    31 |    32 |    19 |   100 |   102 ||   284
       Dart              |     3 |     7 |       |       |    22 ||    32
Invok: Berserk           |       |     2 |     6 |    11 |     4 ||    23
       Trog's Hand       |       |     4 |     2 |     2 |     5 ||    13
       Brothers in Arms  |       |       |       |       |     3 ||     3
  Use: Scroll            |       |       |    22 |    11 |    10 ||    43
       Potion            |       |       |       |     1 |     3 ||     4
 Stab: Petrified         |       |       |       |       |     4 ||     4
  Eat: Ration            |     1 |       |     3 |     3 |     4 ||    11
       Chunk             |       |     7 |     9 |    21 |    32 ||    69
Armor: Animal skin       |     5 |       |       |       |       ||     5
       Chain mail        |    18 |    39 |    68 |       |       ||   125
       Plate armour      |       |       |    26 |   246 |   237 ||   509
Dodge: Dodged            |    32 |    42 |    71 |   160 |   247 ||   552
Block: Large shield      |       |       |   112 |   487 |   823 ||  1422
       Reflection        |       |       |       |    45 |    15 ||    60

Table legend:
 A = Non-vault XP
 B = Vault XP
 C = Vault XP percentage of total XP
 D = Non-vault monster count
 E = Vault monster count
 F = Vault count percentage of total count
                 A         B        C        D         E       F
            +---------+---------+-------+---------+---------+-------
      Total |   72095 |   49895 |  40.9 |     481 |     206 |  30.0
            +---------+---------+-------+---------+---------+-------
        D:1 |      42 |       0 |   0.0 |      24 |       0 |   0.0
        D:2 |      68 |       0 |   0.0 |      18 |       0 |   0.0
        D:3 |     227 |      37 |  14.0 |      23 |       1 |   4.2
        D:4 |     364 |     865 |  70.4 |      25 |      14 |  35.9
        D:5 |      69 |     424 |  86.0 |      10 |       4 |  28.6
        D:6 |     320 |       0 |   0.0 |      11 |       0 |   0.0
        D:7 |    1364 |       0 |   0.0 |      16 |       0 |   0.0
        D:8 |     838 |       0 |   0.0 |      23 |       0 |   0.0
        D:9 |    3939 |    2899 |  42.4 |      22 |       4 |  15.4
       D:10 |    2572 |    1352 |  34.5 |      23 |       8 |  25.8
       D:11 |    1588 |     888 |  35.9 |      23 |       1 |   4.2
       D:12 |    3824 |     650 |  14.5 |      36 |       4 |  10.0
       D:13 |    6828 |    5354 |  44.0 |      28 |      13 |  31.7
     Lair:1 |    2164 |       0 |   0.0 |      10 |       0 |   0.0
     Lair:2 |    7182 |    3254 |  31.2 |      21 |      13 |  38.2
     Lair:3 |    3388 |    1288 |  27.5 |      19 |       3 |  13.6
     Lair:4 |    5365 |    2432 |  31.2 |      24 |      14 |  36.8
     Lair:5 |   11946 |    1512 |  11.2 |      28 |      13 |  31.7
     Lair:6 |   13333 |    2959 |  18.2 |      24 |       9 |  27.3
      Orc:1 |    1489 |       0 |   0.0 |      22 |       0 |   0.0
      Orc:2 |    5185 |   15380 |  74.8 |      51 |      37 |  42.0
      IceCv |       0 |    6672 | 100.0 |       0 |      54 | 100.0
    Volcano |       0 |    3929 | 100.0 |       0 |      14 | 100.0
            +---------+---------+-------+---------+---------+-------
